 Dungeon Crawl Stone Soup version 0.31.0-32-g396128a36d (webtiles) character file.

Game seed: 8335329471764496201

88159 mainiacjoe the Nimble (level 15, -17/107 HPs)
             Began as an Octopode Fire Elementalist on Apr 9, 2024.
             Was the Champion of Nemelex Xobeh.
             Demolished by a skeletal warrior
             ... wielding a +0 glaive
              (19 damage)
             ... on level 13 of the Dungeon on Apr 13, 2024.
             The game lasted 02:36:27 (40968 turns).

mainiacjoe the Nimble (Octopode Fire Elementalist) Turns: 40968, Time: 02:36:28

Health: -17/107    AC:  1    Str:  5    XL:     15   Next: 93%
Magic:  0/36       EV: 16    Int: 25    God:    Nemelex Xobeh [******]
Gold:   2278       SH:  8    Dex: 12    Spells: 3/31 levels left

rFire   + . .        a - staff of conjuration
rCold   + . .        L - +3 buckler of Joteg {Fly rPois rN+ Str-3}
rNeg    + . .        (helmet restricted)
rPois   +            y - amulet of guardian spirit
rElec   .            h - ring of protection from fire
rCorr   +            P - ring of wizardry
SInv    .            C - ring of poison resistance
Will    +....        T - ring "Ifall" {rC+ rCorr}
Stlth   ++++         Z - ring of magical power
HPRegen 0.37/turn    (no ring)
MPRegen 0.25/turn    (no ring)
                     (no ring)

%: guardian spirit, wizardry (x1)
@: flying
A: almost no armour, amphibious, 8 rings, camouflage 1, gelatinous body 1,
(nimble swimmer 1), tentacles
a: Renounce Religion, Draw Escape, Draw Destruction, Draw Summoning, Draw Stack,
Triple Draw, Deal Four, Stack Five


You were on level 13 of the Dungeon.
You worshipped Nemelex Xobeh.
Nemelex Xobeh was exalted by your worship.
You visited 4 branches of the dungeon, and saw 21 of its levels.
You also visited: Bailey and Volcano.

You collected 3123 gold pieces.
You spent 845 gold pieces at shops.

Inventory:

Hand Weapons
 r - a +2 spear of flaming
 v - a +2 whip of electrocution
 w - a +2 dagger of protection
 A - a +0 long sword of protection
 M - a +1 eveningstar of flaming
 O - a +0 sling of draining
Missiles
 l - 12 poisoned darts
 u - 8 throwing nets {=F}
 E - 2 curare-tipped darts {=F}
 Q - 6 javelins
 S - 13 boomerangs
Armour
 L - the +3 buckler of Joteg (worn) {Fly rPois rN+ Str-3}
   (You acquired it on level 10 of the Dungeon)

   Str-3:     It affects your strength (-3).
   rPois:     It protects you from poison rN+: It protects you from negative
   energy.
   Fly:       It grants you flight.
 X - an orb of guile
Magical Staves
 a - a staff of conjuration (weapon)
 b - a staff of fire
 t - a staff of death
Jewellery
 h - a ring of protection from fire (left tentacle)
 y - an amulet of guardian spirit (around mantle)
 C - a ring of poison resistance (on tentacle)
 P - a ring of wizardry (right tentacle)
 T - the ring "Ifall" (on tentacle) {rC+ rCorr}
   (You acquired it on level 10 of the Dungeon)

   [ring of resist corrosion]

   rC+:       It protects you from cold.
   rCorr:     It protects you from acid and corrosion.
 U - a ring of willpower
 Z - a ring of magical power (on tentacle)
Wands
 f - a wand of acid (12)
 i - a wand of charming (6)
 k - a wand of flame (5)
 o - a wand of polymorph (18)
 W - a wand of iceblast (1)
Scrolls
 c - 3 scrolls of teleportation
 d - a scroll of poison
 n - 3 scrolls of revelation
 p - a scroll of blinking
 F - a scroll of enchant armour
 J - 2 scrolls of fear
 K - a scroll of vulnerability
 N - 2 scrolls of summoning
 R - a scroll of silence
 Y - a scroll of torment
Potions
 e - 4 potions of mutation
 g - 3 potions of magic
 j - 3 potions of haste
 m - a potion of enlightenment
 q - 3 potions of attraction
 s - a potion of brilliance
 x - 2 potions of resistance
 z - a potion of invisibility
 B - a potion of berserk rage
 D - 4 potions of lignification
 G - 2 potions of cancellation
 I - a potion of might
 V - a potion of curing
Miscellaneous
 H - a lightning rod (4/4)


   Skills:
 - Level 11.2 Fighting
 - Level 6.0 Staves
 - Level 11.2 Dodging
 - Level 6.0 Stealth
 - Level 5.0 Shields
 + Level 8.9 Spellcasting
 + Level 10.8 Conjurations
 - Level 3.0 Hexes
 - Level 3.0 Translocations
 - Level 8.0 Fire Magic
 - Level 5.0 Ice Magic
 - Level 5.0 Earth Magic
 - Level 10.0 Invocations
 - Level 10.0 Evocations


You had 3 spell levels left.
You knew the following spells:

 Your Spells              Type           Power      Damage    Failure   Level
a - Foxfire               Conj/Fire      100%       2x1d9     1%          1
b - Stone Arrow           Conj/Erth      100%       3d13      1%          3
c - Inner Flame           Hex/Fire       38%        N/A       1%          3
d - Fireball              Conj/Fire      36%        3d15      2%          5
e - Flame Wave            Conj/Fire      72%        2d16      1%          4
f - Brom's Barrelling Bo  Conj/Erth      66%        2d8       1%          4
s - Iskenderun's Battles  Conj           78%        2d13      1%          5
z - Ozocubu's Armour      Ice            36%        N/A       1%          3

Your spell library contained the following spells:

 Spells                   Type           Power      Damage    Failure   Level
 Freeze                   Ice            100%       1d10      1%          1
 Jinxbite                 Hex            52%        N/A       1%          2
 Scorch                   Fire           100%       2d9       1%          2
 Volatile Blastmotes      Fire/Tloc      76%        2d16      1%          3
 Mephitic Cloud           Conj/Alch/Air  43%        N/A       2%          3
 Summon Small Mammal      Summ           44%        N/A       4%          1
 Call Imp                 Summ           22%        N/A       6%          2
 Cigotuvi's Dreadful Rot  Necr/Alch/Air  22%        N/A       6%          2
 Mercury Vapours          Alch/Air       22%        N/A       6%          2
 Sublimation of Blood     Necr           11%        N/A       6%          2
 Call Canine Familiar     Summ           11%        N/A       12%         3
 Fugue of the Fallen      Necr           11%        N/A       12%         3
 Ignite Poison            Fire/Alch      31%        N/A       8%          4
 Summon Blazeheart Golem  Fire/Summ      31%        N/A       8%          4
 Dimensional Bullseye     Hex/Tloc       13%        N/A       11%         4
 Manifold Assault         Tloc           26%        N/A       11%         4
 Freezing Cloud           Conj/Ice/Air   27%        6-21      12%         5
 Orb of Destruction       Conj           39%        9d11      34%         7
 Yara's Violent Unravell  Hex/Alch       9%         3d6       45%         5
 Conjure Ball Lightning   Conj/Air       27%        3x3d8     50%         6
 Dispersal                Tloc           13%        N/A       82%         6
 Enfeeble                 Hex            13%        N/A       100%        7
 Summon Hydra             Summ           5%         N/A       100%        7
 Disjunction              Tloc           13%        N/A       100%        8
 Lehudib's Crystal Spear  Conj/Erth      33%        10d8      100%        8
 Animate Armour           Summ/Erth      Unusable   N/A       N/A         4

Dungeon Overview and Level Annotations

Branches:
Dungeon (13/15)            Temple (1/1) D:7            Lair (5/5) D:10
  Swamp (0/4) Lair:3        Snake (0/4) Lair:3        Slime (0/5) Lair:5
    Orc (2/2) D:9             Elf (0/3) Orc:2        Bailey (visited)
Volcano (visited)
 Vaults: D:13-14

Altars:
Ashenzari
Cheibriados
Dithmenos
Elyvilon
Fedhas
Gozag
Hepliaklqana
Kikubaaqudgha
Makhleb
Nemelex Xobeh
Okawaru
Qazlal
Ru
Sif Muna
Trog
Uskayaw
Vehumet
Wu Jian
Xom
Yredelemnul
Zin
The Shining One

Shops:
Orc:2 *([*

Portals:
Abyss: D:4


Innate Abilities, Weirdness & Mutations

You cannot wear most types of armour.
You are amphibious.
You can wear up to eight rings at the same time.
Your skin changes colour to match your surroundings (Stealth+).
Your rubbery body absorbs attacks. (AC +1, EV +1)
((You are camouflaged when in or above water. (Stealth+)))
You have tentacles for arms and can constrict up to eight enemies at once.


Message History

Casting: Stone Arrow (safe; 1% risk of failure)
Confirm with . or Enter, or press ? or * to list all spells.
You feel a surge of power!
You conjure some foxfire!
Your battlesphere fires!
The barrage of energy hits the centaur warrior.
The centaur warrior is moderately wounded.
Casting: Foxfire (safe; 1% risk of failure)
Confirm with . or Enter, or press ? or * to list all spells.
You feel a surge of power!
You conjure some foxfire!
The foxfire hits the centaur warrior.
The centaur warrior is heavily wounded.
The centaur warrior shoots an arrow.
The arrow barely misses you.
The centaur warrior shoots an arrow.
The arrow hits your battlesphere!!
The centaur warrior shoots an arrow.
The arrow hits your battlesphere!
Your battlesphere is destroyed!
Your foxfire dissipates!
The foxfire hits the skeletal warrior but does no damage.
The foxfire hits the centaur warrior.
The centaur warrior is heavily wounded.
The centaur warrior throws a stone.
You block the stone.
The centaur warrior shoots an arrow.
The arrow hits you!!
There is an open door, spattered with blood here.
The centaur warrior throws a stone.
You block the stone.
The centaur warrior shoots an arrow.
The arrow hits you!
The skeletal warrior attacks as it pursues you!
The skeletal warrior hits you from afar with a +0 glaive!
The centaur warrior shoots an arrow.
The arrow hits you!!
* * * LOW HITPOINT WARNING * * *
The skeletal warrior attacks as it pursues you!
The skeletal warrior hits you from afar with a +0 glaive!!
* * * LOW HITPOINT WARNING * * *
Casting: Foxfire (safe; 1% risk of failure)
Confirm with . or Enter, or press ? or * to list all spells.
You don't have enough magic to cast this spell.
You draw a card...
You have drawn the Orb.
Press: ? - help, Shift-Dir - straight line The skeletal warrior hits you from afar with a +0 glaive!!
You die...
Your body glows with a rainbow of weird colours and disappears.

.. #...#'### #.#
.#.#.......# #.# #.#.#
...'..c....# #.# #.#.# .#
#...†...###.# #(#.# ..
#.......##..# #.#.#
#9.#..)....##..# #.#.#
#.#...#'##....# #.#.#
...'...#....##.######[#†#
##.#...#..c.c.z*@...#.#.#
#. #...#.)###########.#.#
#. #.....#(.))[..)....#.#
#.##...####.###########.#
.#.'.>.........z...# #.#
#.)#.######'######z# #.#
#..#.##........# #○# #Q#
#..#.##........# #○# #.#
#..#.#........÷# #°# #.#


You could see a skeletal warrior and 2 centaur warriors.

Vanquished Creatures
  A tengu reaver (D:12)
  2 slime creatures (D:12)
  Josephine (D:10)
  A yaktaur captain (D:12)
  A great orb of eyes (D:12)
  6 hydras
  Erolcha (D:10)
  2 ogre magi (Orc:2)
  5 centaur warriors (D:13)
  2 boulder beetles
  14 two-headed ogres
  A tengu warrior (D:13)
  A goliath frog (Lair:5)
  3 skeletal warriors (D:13)
  2 spriggan druids (Lair:3)
  2 deep trolls (Orc:2)
  8 cyclopes
  2 manticores
  A salamander (Volcano)
  9 elephants
  2 meliai
  3 kobold blastminers (Orc:2)
  A meliai (shapeshifter) (D:12)
  Joseph (D:10)
  A guardian serpent (Lair:5)
  3 black mambas
  A cane toad (shapeshifter) (D:13)
  4 molten gargoyles (Volcano)
  3 gargoyles
  20 cane toads
  2 kobold demonologists
  A yaktaur (shapeshifter) (D:13)
  A freezing wraith (D:12)
  10 komodo dragons
  2 tengu conjurers (D:13)
  3 rime drakes
  4 polar bears
  4 hornets
  10 trolls
  2 tyrant leeches
  25 blink frogs
  A blink frog (shapeshifter) (D:13)
  A centaur simulacrum (D:13)
  A jumping spider (shapeshifter) (D:13)
  3 shadows
  7 wyverns
  A small abomination (D:4)
  7 wraiths
  52 yaks
  Eustachio (D:4)
  A vampire (D:12)
  2 basilisks
  3 wargs
  A steam dragon (Lair:1)
  9 vampire mosquitoes
  10 water moccasins
  3 nagas (Lair:3)
  A water moccasin (shapeshifter) (D:13)
  3 acid dragons
  2 black bears
  2 swamp drakes
  17 orc warriors
  2 ice beasts (D:5)
  A sky beast (D:7)
  A laughing skull (D:13)
  24 ogres
  11 wolves
  8 centaurs
  A phantom (D:5)
  4 kobold brigands
  15 bullfrogs
  10 gnoll sergeants
  4 scorpions
  4 wights (D:10)
  3 electric eels
  3 howler monkeys (D:10)
  5 hounds
  13 orc priests
  5 bombardier beetles
  3 jellies
  A sleepcap (D:7)
  5 gnoll boudas (Bailey)
  Natasha (thrice) (D:2)
  2 iguanas (D:6)
  25 orc wizards
  Robin (D:3)
  25 gnolls
  6 adders
  A river rat (Lair:4)
  2 shadow imps
  2 white imps (D:5)
  3 ufetubi (D:4)
  The ghost of flammie80 the Trooper, a weakling FoMo (D:4)
  A dart slug (D:4)
  A ribbon worm (D:3)
  75 orcs
  5 bats
  6 endoplasms
  5 giant cockroaches
  8 goblins
  13 hobgoblins
  3 jackals (D:3)
  6 quokkas
  6 ball pythons
  5 frilled lizards
  19 kobolds
  4 rats
  A boulder (Orc:2)
  2 butterflies (D:5)
650 creatures vanquished.

Vanquished Creatures (collateral kills)
  A red draconian (Volcano)
  3 boulder beetles
  2 elephants (Lair:1)
  A kobold blastminer (Orc:1)
  A cane toad (Lair:4)
  A troll (Orc:1)
  4 yaks (Lair:4)
  A water moccasin (Lair:1)
  An orc warrior (Orc:1)
  A bat (shapeshifter) (D:13)
  18 boulders
  A foxfire (Lair:3)
35 creatures vanquished.

Vanquished Creatures (others)
  22 boulders
  906 foxfires
928 creatures vanquished.

Grand Total: 1613 creatures vanquished

Notes
Turn   | Place    | Note
-------+----------+-------------------------------------------
     0 | D:1      | mainiacjoe the Octopode Fire Elementalist began the quest
                  | for the Orb.
     0 | D:1      | Reached XP level 1. HP: 11/11 MP: 3/3
    92 | D:1      | Found a faded altar of an unknown god.
   150 | D:1      | Prayed at the altar of an unknown god.
   150 | D:1      | Became a worshipper of Nemelex Xobeh the Trickster
   150 | D:1      | Reached * piety under Nemelex Xobeh
   367 | D:1      | Received a gift from Nemelex Xobeh
   378 | D:1      | Reached XP level 2. HP: 17/17 MP: 0/5
   440 | D:1      | Learned a level 2 spell: Scorch
  1003 | D:2      | Reached XP level 3. HP: 21/21 MP: 6/6
  1097 | D:2      | Learned a level 3 spell: Inner Flame
  1191 | D:2      | Noticed Natasha
  1193 | D:2      | Killed Natasha
  1236 | D:2      | Noticed Natasha
  1502 | D:2      | Killed Natasha
  1503 | D:2      | Reached skill level 1 in Hexes
  1503 | D:2      | Reached XP level 4. HP: 27/27 MP: 6/8
  1512 | D:2      | Noticed Natasha
  1639 | D:2      | Killed Natasha
  1760 | D:2      | Reached ** piety under Nemelex Xobeh
  1848 | D:3      | Reached XP level 5. HP: 25/31 MP: 3/9
  2004 | D:3      | Noticed Robin
  2011 | D:3      | Killed Robin
  2063 | D:3      | Found a snail-covered altar of Cheibriados.
  2433 | D:3      | Reached skill level 5 in Fire Magic
  2821 | D:3      | Found an ornate altar of the Wu Jian Council.
  2821 | D:3      | Received a gift from Nemelex Xobeh
  3041 | D:4      | Noticed Eustachio
  3061 | D:3      | Reached XP level 6. HP: 13/36 MP: 2/10
  3698 | D:4      | Reached XP level 7. HP: 41/41 MP: 5/11
  3939 | D:4      | Killed Eustachio
  4027 | D:4      | Reached *** piety under Nemelex Xobeh
  4028 | D:4      | Found a one-way gate to the infinite horrors of the Abyss.
  4028 | D:4      | Noticed flammie80's ghost (weakling FoMo)
  4029 | D:4      | Found a transporter.
  4046 | D:4      | Received a gift from Nemelex Xobeh
  4053 | D:4      | Found a transporter.
  4092 | D:4      | Noticed a small abomination
  4429 | D:5      | Entered Level 5 of the Dungeon
  4513 | D:5      | Identified the +5 quarterstaff "Worm" {venom, rElec Will+
                  | Int+3}
  4533 | D:5      | Reached skill level 1 in Fighting
  4533 | D:5      | Reached skill level 1 in Invocations
  4533 | D:5      | Reached XP level 8. HP: 48/48 MP: 3/12
  5181 | D:5      | Found a shimmering altar of Xom.
  5648 | D:6      | Received a gift from Nemelex Xobeh
  5816 | D:6      | Reached XP level 9. HP: 58/58 MP: 8/13
  6257 | D:6      | Reached **** piety under Nemelex Xobeh
  6301 | D:6      | Received a gift from Nemelex Xobeh
  6658 | D:6      | Learned a level 4 spell: Flame Wave
  6873 | D:7      | Found a staircase to the Ecumenical Temple.
  6945 | D:7      | Reached skill level 5 in Dodging
  7077 | D:7      | Found a flagged portal.
  7140 | Bailey   | Entered a bailey
  7151 | Bailey   | Reached skill level 5 in Invocations
  7704 | Bailey   | Reached skill level 5 in Fighting
  9054 | Bailey   | Received a gift from Nemelex Xobeh
  9103 | Bailey   | Got the Spellbook of Algid Peregrination
  9375 | D:7      | Reached XP level 10. HP: 68/68 MP: 5/14
 10725 | D:7      | Found a stormy altar of Qazlal.
 10960 | D:8      | Noticed a two-headed ogre
 10968 | D:8      | Killed a two-headed ogre
 11453 | D:8      | Received a gift from Nemelex Xobeh
 11500 | D:8      | Reached ***** piety under Nemelex Xobeh
 12290 | D:9      | Received a gift from Nemelex Xobeh
 12307 | D:9      | Noticed a two-headed ogre
 12324 | D:9      | Killed a two-headed ogre
 12329 | D:9      | Learned a level 3 spell: Volatile Blastmotes
 12422 | D:9      | Found a white marble altar of Elyvilon.
 12723 | D:9      | Reached skill level 1 in Translocations
 12807 | D:9      | Received a gift from Nemelex Xobeh
 12811 | D:9      | Paralysed by a hornet for 3 turns
 13089 | D:9      | Reached XP level 11. HP: 77/77 MP: 9/17
 13493 | D:9      | Found a staircase to the Orcish Mines.
 13897 | D:10     | Entered Level 10 of the Dungeon
 14210 | D:10     | Found a staircase to the Lair.
 14306 | D:10     | Received a gift from Nemelex Xobeh
 14532 | D:10     | Noticed Erolcha
 14541 | D:10     | Killed Erolcha
 14763 | D:10     | Found a hide-covered altar of Uskayaw.
 14800 | D:10     | Noticed Josephine
 14806 | D:10     | Killed Josephine
 14854 | D:10     | Noticed Joseph
 14863 | D:10     | Killed Joseph
 14864 | D:10     | Reached skill level 10 in Invocations
 15080 | D:10     | Found a glowing golden altar of the Shining One.
 15354 | Lair:1   | Entered Level 1 of the Lair of Beasts
 15871 | Lair:1   | Reached XP level 12. HP: 87/87 MP: 11/19
 16130 | D:2      | Learned a level 3 spell: Stone Arrow
 16134 | D:2      | Learned a level 3 spell: Ozocubu's Armour
 16504 | Lair:1   | Reached skill level 10 in Dodging
 16677 | Lair:1   | Noticed a boulder beetle
 16764 | Lair:1   | Reached skill level 10 in Fighting
 16798 | Lair:1   | Reached skill level 5 in Stealth
 17270 | Lair:1   | Reached skill level 1 in Ice Magic
 17367 | Lair:1   | Reached skill level 1 in Earth Magic
 17643 | Lair:1   | HP: 2/87 [elephant (3)]
 17649 | Lair:1   | Killed a boulder beetle
 18072 | Lair:2   | Received a gift from Nemelex Xobeh
 18201 | Lair:2   | Noticed a seven-headed hydra
 18207 | Lair:2   | Killed a seven-headed hydra
 18485 | Lair:2   | Reached skill level 5 in Conjurations
 19334 | Lair:2   | Noticed a boulder beetle
 19351 | Lair:2   | Killed a boulder beetle
 19967 | Lair:3   | Reached skill level 5 in Ice Magic
 19967 | Lair:3   | Reached skill level 5 in Earth Magic
 20074 | Lair:3   | Received a gift from Nemelex Xobeh
 20178 | Lair:3   | Reached XP level 13. HP: 78/92 MP: 7/20
 20516 | Lair:3   | Found a staircase to the Snake Pit.
 20586 | Lair:3   | Learned a level 5 spell: Fireball
 21168 | Lair:3   | Reached skill level 5 in Spellcasting
 22318 | Lair:4   | Received a gift from Nemelex Xobeh
 22675 | Lair:4   | Reached ****** piety under Nemelex Xobeh
 23213 | Lair:4   | Received a gift from Nemelex Xobeh
 23583 | Lair:4   | Learned a level 4 spell: Brom's Barrelling Boulder
 23774 | Lair:5   | Entered Level 5 of the Lair of Beasts
 23783 | Lair:5   | Received a gift from Nemelex Xobeh
 25710 | Lair:4   | Learned a level 5 spell: Iskenderun's Battlesphere
 25722 | Lair:5   | HP: 1/92 [tyrant leech (15)]
 25726 | Lair:5   | Reached XP level 14. HP: 31/99 MP: 6/26
 25867 | Lair:4   | Reached skill level 10 in Conjurations
 27121 | Lair:5   | Received a gift from Nemelex Xobeh
 27537 | Lair:5   | Found a staircase to the Slime Pits.
 28514 | D:4      | Killed flammie80's ghost
 29181 | Lair:3   | Found a staircase to the Swamp.
 29448 | D:10     | Identified 3 scrolls of acquirement
 29448 | D:10     | Acquired the ring "Ifall" {rC+ rCorr}
 29449 | D:10     | Acquired the +3 buckler of Joteg {Fly rPois rN+ Str-3}
 29450 | D:10     | Acquired a staff of conjuration
 29608 | D:10     | Reached skill level 1 in Evocations
 30175 | D:11     | Received a gift from Nemelex Xobeh
 30327 | Orc:1    | Entered Level 1 of the Orcish Mines
 30449 | Orc:1    | Reached skill level 1 in Shields
 30450 | Orc:1    | Identified the -1 hand axe "Zastrisiack" {drain, Int+6}
 30479 | Orc:1    | Found a dark tunnel.
 30599 | Volcano  | Entered a volcano
 30633 | Volcano  | Reached skill level 1 in Staves
 31208 | Volcano  | Noticed a red draconian
 31227 | Volcano  | Killed a red draconian
 31233 | Volcano  | Noticed an orb of fire
 31362 | Volcano  | Noticed an orb of fire
 32041 | Orc:1    | Received a gift from Nemelex Xobeh
 32329 | Orc:2    | Entered Level 2 of the Orcish Mines
 32512 | Orc:2    | Found a staircase to the Elven Halls.
 32512 | Orc:2    | Received a gift from Nemelex Xobeh
 33626 | Orc:2    | Reached skill level 5 in Evocations
 33902 | Orc:2    | Reached XP level 15. HP: 107/107 MP: 11/27
 33938 | Orc:2    | Reached skill level 5 in Shields
 34982 | Orc:2    | Found Ryurugg's Antique Weapon Shoppe.
 35015 | Orc:2    | Found Efod's Assorted Antiques.
 35020 | Orc:2    | Found Odgheegyk's Assorted Antiques.
 35324 | Orc:2    | Found Xokocora's Antique Armour Shoppe.
 35412 | Orc:2    | Bought a scroll of summoning for 247 gold pieces
 35412 | Orc:2    | Bought a potion of curing for 78 gold pieces
 35419 | Orc:2    | Bought a shiny iron wand for 148 gold pieces
 35429 | Orc:2    | Bought a shiny orb for 372 gold pieces
 35588 | Temple   | Entered the Ecumenical Temple
 36239 | D:12     | Reached skill level 5 in Staves
 36894 | D:12     | Noticed a tengu reaver
 37178 | D:12     | Killed a tengu reaver
 38094 | D:12     | Received a gift from Nemelex Xobeh
 38842 | D:13     | HP: 3/107 [vampire mosquito (10)]
 39160 | D:13     | Identified the +6 shortbow "Eforruugh" {drain, rN+ Will+
                  | Int+3}
 39478 | D:13     | Reached skill level 10 in Evocations
 40607 | D:13     | Identified the ring "Figheubu" {rElec rCorr Str-3 Int+6}
 40966 | D:13     | HP: 1/107 [skeletal warrior/+0 glaive (20)]
 40968 | D:13     | Demolished by a skeletal warrior

Illustrated notes

Levels and vault maps discovered:
D:1:      sevenhm_arrival_forest_fort_large_2, layout_rooms,
          basic_ecumenical_altar
D:2:      layout_basic, uniq_natasha
D:3:      layout_loops_ring, nicolae_wu_jian_glorious_leap, slow_altar_1,
          small_statue_alley_b, uniq_robin
D:4:      layout_cave_pools, gammafunk_ghost_abyssal_escape, uniq_eustachio
D:5:      layout_basic, xom_butterflies, amcnicky_mini_rare_corridor_liquid
D:6:      layout_basic, grunt_decor_mini_mirrors
D:7:      layout_loops_ring, mainiacjoe_overflow_small_starburst,
          minmay_temple_entry_nine_rooms, enter_bailey_8, nicolae_lava_and_water
D:8:      layout_gridville
D:9:      layout_roguey, nicolae_elyvilon_peaceful_grove, erik_orc_1
D:10:     layout_loops_corners, tso_metal_star, nicolae_uskayaw_dance_hall,
          lair_entry_dummy, uniq_joseph, uniq_erolcha, uniq_josephine
D:11:     layout_rooms
D:12:     minmay_textured_paths, layout_basic
D:13:     minmay_the_grid_square_5x5_5x5_mashed
          [minmay_the_grid_square_5x5_inverted_slash,
          minmay_the_grid_square_5x5_checkered_statues,
          minmay_the_grid_square_5x5_shrine2,
          minmay_the_grid_square_5x5_two_walls_b,
          minmay_the_grid_square_5x5_meh, minmay_the_grid_square_5x5_bridge,
          minmay_the_grid_square_5x5_prize_itemx,
          minmay_the_grid_square_5x5_misaligned,
          minmay_the_grid_square_5x5_prize_junk,
          minmay_the_grid_square_5x5_bracketed,
          minmay_the_grid_square_5x5_hollow_slash,
          minmay_the_grid_square_5x5_minivault,
          minmay_the_grid_square_5x5_prize_deathbox,
          minmay_the_grid_square_5x5_tetrominoes,
          minmay_the_grid_square_5x5_doubleslash,
          minmay_the_grid_square_5x5_six, minmay_the_grid_square_5x5_prize_open,
          minmay_the_grid_square_5x5_forky,
          minmay_the_grid_square_5x5_prize_pseudospiral,
          minmay_the_grid_square_5x5_tri_point,
          minmay_the_grid_square_5x5_minimal, minmay_the_grid_square_5x5_z,
          minmay_the_grid_square_5x5_empty, minmay_the_grid_square_5x5_inner_v,
          minmay_the_grid_square_5x5_longway], layout_basic
Temple:   nicolae_temple_bog_church
Lair:1:   layout_concentric_octagons, minivault_24
Lair:2:   layout_big_grid, grunt_megastairs_5
Lair:3:   layout_concentric_octagons, mainiacjoe_swamp_entry_angry_trees,
          guppyfry_snake_entry_island
Lair:4:   layout_long_grid, grunt_megastairs_3
Lair:5:   minmay_lair_end_frog_pond, layout_small_grid, slime_entry_1
Orc:1:    layout_caves, basic_altar, enter_volcano_1
Orc:2:    st_orc_open, layout_diamond_mine

Skill      XL: |  1  2  3  4  5  6  7  8  9 10 11 12 13 14 15 |
---------------+----------------------------------------------+-----
Fire Magic     | 4 5 6 8 |  8.0
Hexes          | 1 2 3 |  3.0
Spellcasting   | 3 8 |  8.9
Fighting       | 1 3 6 7 9 10 11 | 11.2
Invocations    | 1 4 6 8 10 | 10.0
Dodging        | 4 6 8 9 10 11 | 11.2
Conjurations   | 3 6 9 10 | 10.8
Translocations | 1 3 |  3.0
Stealth        | 3 6 |  6.0
Ice Magic      | 5 |  5.0
Earth Magic    | 5 |  5.0
Evocations     | 5 10 | 10.0
Shields        | 4 5 |  5.0
Staves         | 3 6 |  6.0

Action                     |  1- 3 |  4- 6 |  7- 9 | 10-12 | 13-15 || total
---------------------------+-------+-------+-------+-------+-------++-------
  Melee: Whip              |     6 |    56 |     1 |       |       ||    63
         Constrict         |     2 |    12 |     7 |     8 |    10 ||    39
         Tentacles         |     1 |    13 |     3 |    13 |    19 ||    49
         Quarterstaff      |       |       |    23 |    57 |    43 ||   123
         Punch             |       |       |       |     1 |     2 ||     3
         Staff             |       |       |       |       |    14 ||    14
         Dagger            |       |       |       |       |     6 ||     6
   Fire: Sling             |       |    26 |       |       |       ||    26
  Throw: Dart              |       |       |       |     1 |       ||     1
   Cast: Foxfire           |    42 |    41 |   120 |   131 |   204 ||   538
         Scorch            |     4 |    14 |    47 |    51 |       ||   116
         Inner Flame       |       |     4 |    44 |    64 |   116 ||   228
         Flame Wave        |       |       |       |    11 |    22 ||    33
         Volatile Blastmot |       |       |       |     4 |       ||     4
         Stone Arrow       |       |       |       |    59 |   294 ||   353
         Ozocubu's Armour  |       |       |       |     1 |     1 ||     2
         Fireball          |       |       |       |       |    34 ||    34
         Brom's Barrelling |       |       |       |       |    58 ||    58
         Iskenderun's Batt |       |       |       |       |    69 ||    69
 Invoke: Draw Destruction  |     1 |     4 |     6 |    16 |    28 ||    55
         Draw Escape       |       |       |     1 |     2 |     1 ||     4
         Deal Four         |       |       |       |     1 |       ||     1
         Draw Summoning    |       |       |       |     2 |     7 ||     9
         Stack Five        |       |       |       |       |     1 ||     1
         Draw Stack        |       |       |       |       |     1 ||     1
         Triple Draw       |       |       |       |       |     1 ||     1
  Evoke: Wand              |       |       |       |       |     3 ||     3
    Use: Scroll            |     7 |     3 |     7 |    10 |    13 ||    40
         Potion            |       |       |     1 |     6 |     4 ||    11
   Stab: Sleeping          |     1 |     3 |     2 |       |     4 ||    10
 Armour: Skin              |     4 |    43 |    36 |    96 |   198 ||   377
  Dodge: Dodged            |     8 |    59 |    44 |   111 |   197 ||   419
  Block: Buckler           |       |       |       |       |    52 ||    52
